 Dungeon Crawl Stone Soup version 0.24-a0-439-g6dd8730de2 (webtiles) character file.

Game seed: 12535465550060016241

110 HAL9000 the Insei (level 4, 0/35 HPs)
             Began as a Draconian Transmuter on June 18, 2019.
             Slain by an adder (3 damage)
             ... on level 3 of the Dungeon.
             The game lasted 00:04:52 (1910 turns).

HAL9000 the Insei (Draconian Transmuter)            Turns: 1910, Time: 00:04:53

Health: 0/35       AC:  5    Str: 10 (12) XL:     4   Next: 61%
Magic:  8/16       EV: 12    Int: 18 (19) God:
Gold:   64         SH:  0    Dex: 10 (12) Spells: 1/7 levels left

rFire    . . .     SeeInvis .     - Unarmed
rCold    . . .     Gourm    .   (no shield)
rNeg     . . .     Faith    .   (armour unavailable)
rPois    .         Spirit   .   (helmet restricted)
rElec    .         Reflect  .   (no cloak)
rCorr    .         Harm     .   (no gloves)
MR       .....                  (boots currently unavailable)
Stlth    +.........             (no amulet)
HPRegen  0.11/turn              f - ring of magical power
MPRegen  0.15/turn              (no ring)

@: brilliant, lethally poisoned (0 -> -8), appendage, flying
A: unfitting armour, talons 3, cold-blooded, AC +5
a: End Transformation


You were on level 3 of the Dungeon.
You were very hungry.
You had grown temporary talons.
You visited 1 branch of the dungeon, and saw 3 of its levels.

You collected 64 gold pieces.

Inventory:

Missiles
 a - 61 arrows
Jewellery
 f - a ring of magical power (left hand)
Scrolls
 d - 2 scrolls of noise {unknown}
 e - a scroll of remove curse {unknown}
 g - 2 scrolls of identify {unknown}
 h - a scroll of teleportation {unknown}
 l - a scroll of immolation {unknown}
 m - a scroll of random uselessness {unknown}
Potions
 b - a potion of flight
 k - a potion of berserk rage {unknown}
Comestibles
 c - 3 rations


   Skills:
 - Level 1.1 Fighting
 - Level 1.7 Dodging
 - Level 4.3 Unarmed Combat
 - Level 2.0 Spellcasting
 + Level 3.8 Transmutations


You had one spell level left.
You knew the following spells:

 Your Spells              Type           Power        Failure   Level  Hunger
a - Beastly Appendage     Tmut           ####..       1%          1    #......
b - Sticks to Snakes      Tmut           ####....     1%          2    ###....
c - Spider Form           Tmut/Pois      ###.......   3%          3    ###....

Your spell library contained the following spells:

 Spells                   Type           Power        Failure   Level  Hunger
 Ice Form                 Ice/Tmut       ###.....     10%         4    #####..
 Blade Hands              Tmut           ####......   12%         5    ######.


Dungeon Overview and Level Annotations

Branches:
Dungeon (3/15)

Altars:
Sif Muna
Vehumet


Innate Abilities, Weirdness & Mutations

Your plain brown scales are hard. (AC +5)
You cannot fit into any form of body armour.
You are cold-blooded and may be slowed by cold attacks.
You have claws for feet.


Message History

You feel sick. The adder bites you.
* * * LOW HITPOINT WARNING * * *
Unknown command.
It was a potion of flight.
You feel very buoyant.
You fly up into the air.
* * * LOW HITPOINT WARNING * * *
You feel sick. The adder closely misses you.
Unknown command.
It was a potion of degeneration.
There was something very wrong with that liquid.
You feel weakened.
You feel dopey.
You feel clumsy.
* * * LOW HITPOINT WARNING * * *
You feel sick. The adder closely misses you.
Your magical contamination has completely faded away.
Unknown command.
It was a potion of brilliance.
You feel clever all of a sudden. The adder closely misses you.
The adder bites you.
You die...

.. ..... ........ ...######
#....##....#.. ...☼....
..........##.# #####.☼°°...
#.......!##.# #......_○...
#........##.# #.###..○○...
#........##.# #.# #.......
.#....†).l##.####.####..##..
.'......|hS@.............'..
.#.......h##.#########..##..
#........##.# ##.##..
#........##.# #..#..
#........##.##### ##.#..
###########.....# #.#..
#####.# #.... #.# ##...
#####'###### #...


You could see an adder, a leopard gecko and 2 jackals.

Vanquished Creatures
  A hound (D:3)
  2 adders (D:3)
  2 dart slugs
  3 leopard geckos
  An orc (D:3)
  5 bats
  2 giant cockroaches (D:1)
  9 goblins
  7 hobgoblins
  3 jackals (D:1)
  6 kobolds
  A ball python (D:1)
  4 frilled lizards
  6 rats
52 creatures vanquished.

Vanquished Creatures (collateral kills)
  A leopard gecko (D:3)
1 creature vanquished.

Vanquished Creatures (others)
  A goblin (D:3)
1 creature vanquished.

Grand Total: 54 creatures vanquished

Notes
Turn   | Place    | Note
-------+----------+-------------------------------------------
     0 | D:1      | HAL9000 the Draconian Transmuter began the quest for the
                  | Orb.
     0 | D:1      | Reached XP level 1. HP: 16/16 MP: 3/3
   139 | D:1      | Reached XP level 2. HP: 14/23 MP: 3/5
   287 | D:1      | Learned a level 2 spell: Sticks to Snakes
   554 | D:1      | Reached XP level 3. HP: 25/28 MP: 6/6
   829 | D:2      | Reached skill level 4 in Unarmed Combat
  1154 | D:2      | Found a deep blue altar of Sif Muna.
  1368 | D:3      | Learned a level 3 spell: Spider Form
  1420 | D:3      | Found a radiant altar of Vehumet.
  1778 | D:3      | Reached XP level 4. HP: 27/35 MP: 7/7
  1910 | D:3      | Slain by an adder

Levels and vault maps discovered:
D:1:      moated_graveyard_arrival, layout_loops_ring
D:2:      layout_loops_ring, led_sif_pool, grunt_decor_one_mirror
D:3:      layout_basic, fiery_altar_vehumet, uniq_purgy

Skill      XL: |  1  2  3 |
---------------+----------+-----
Unarmed Combat | 4 |  4.3
Transmutations | 3 |  3.8
Fighting       | |  1.1
Dodging        | |  1.7
Spellcasting   | |  2.0

Action                   |  1- 3 |  4- 6 || total
-------------------------+-------+-------++-------
Melee: Unarmed           |   138 |    20 ||   158
       Tailslap          |    13 |     1 ||    14
       Headbutt          |     2 |       ||     2
       Kick              |     7 |       ||     7
       Punch             |     1 |       ||     1
 Cast: Beastly Appendage |    11 |     1 ||    12
       Sticks to Snakes  |     1 |     4 ||     5
       Spider Form       |     1 |       ||     1
  Use: Potion            |       |     3 ||     3
 Stab: Sleeping          |     1 |       ||     1
  Eat: Chunk             |     2 |     1 ||     3
Armor: Skin              |    36 |     8 ||    44
Dodge: Dodged            |    85 |    18 ||   103

Table legend:
 A = Non-vault XP
 B = Vault XP
 C = Vault XP percentage of total XP
 D = Non-vault monster count
 E = Vault monster count
 F = Vault count percentage of total count
                 A         B        C        D         E       F
            +---------+---------+-------+---------+---------+-------
      Total |     158 |       0 |   0.0 |      53 |       0 |   0.0
            +---------+---------+-------+---------+---------+-------
        D:1 |      47 |       0 |   0.0 |      27 |       0 |   0.0
        D:2 |      21 |       0 |   0.0 |       9 |       0 |   0.0
        D:3 |      90 |       0 |   0.0 |      17 |       0 |   0.0
            +---------+---------+-------+---------+---------+-------
